 Dungeon Sprint DCSS version 0.30-a0-924-g0ad0bf95bc (webtiles) character file.

Game seed: 10890966155594155431

233445 BigDaddyOpFi the Hill Orc Catastrophe (level 19, -3/207 HPs)
             Began as a Hill Orc Fighter on Mar 22, 2023.
             Was an Elder of Qazlal.
             Slain by Cerebov
             ... wielding the +6 sword of Cerebov {flame}
              (7 damage)
             ... in the Dungeon (Sprint VII: "The Pits").
             The game lasted 00:16:04 (9193 turns).

BigDaddyOpFi the Hill Orc Catastrophe (HOFi)        Turns: 9193, Time: 00:16:04

Health: -3/207     AC: 45    Str: 27    XL:     19   Next: 57%
Magic:  27/45      EV: 17    Int: 18    God:    Qazlal [****..]
Gold:   224        SH: 10    Dex: 14    Spells: 18/18 levels left

rFire   + . .      SeeInvis +    n - +11 lajatang "Efoaxzasol" {heavy, rPois Int+2 Dex-2 Stlth+}
rCold   . . .      Faith    .    (shield currently unavailable)
rNeg    + . .      Spirit   .    C - +11 gold dragon scales
rPois   +          Reflect  +    N - +2 helmet {SInv}
rElec   .          Rampage  .    (no cloak)
rCorr   .          NoTele   +    (no gloves)
Will    +....                    u - +1 pair of boots {Fly} Stlth
                                 V - amulet of Sisif {Reflect rN+ Int+6 SH+5}
HPRegen 0.54/turn                W - +5 ring of slaying
MPRegen 0.29/turn                S - ring of the Insatiable Beggars {rC- MP+9 Int+2 Dex+6 Slay+4}

@: flying, studying Necromancy, repel missiles
A: no striking features
}: 1/3 runes: silver
a: Renounce Religion, Upheaval, Elemental Force


You were in the Dungeon.
You worshipped Qazlal.
Qazlal was greatly pleased with you.
You visited 1 branch You collected 224 gold pieces.

Inventory:

Hand Weapons
 n - the +11 lajatang "Efoaxzasol" (weapon) {heavy, rPois Int+2 Dex-2 Stlth+}
   (You took it off an ogre mage in the Dungeon)

   Int:       It affects your intelligence (+2).
   Dex:       It affects your dexterity (-2).
   rPois:     It protects you from poison.
   Stlth:     It makes you more stealthy.
 p - a +1 heavy broad axe
 s - a +6 broad axe
Armour
 c - a +0 buckler
 u - a +1 pair of boots of flying (worn)
 w - a +1 helmet
 x - a +2 helmet
 C - +11 gold dragon scales (worn)
 N - a +2 helmet of see invisible (worn)
Magical Staves
 A - the staff of death "Taczoch" {rN+ Str+4}
   (You found it in the Dungeon)

   [staff of death]

   Base accuracy: +5 Base damage: 5 Base attack delay: 1.2 This weapon's minimum
   attack delay (0.6) is reached at skill level 12.
   Str:       It affects your strength (+4).
   rN:        It protects you from negative energy.
   It falls into the 'Staves' category.
   It is a one-handed weapon.
Jewellery
 b - a +3 ring of strength
 l - a +3 ring of dexterity
 q - a ring of ice
 r - an amulet of faith
 B - the ring "Inwih" {Str+3 Int+2 Dex+6}
   (You took it off a spriggan druid in the Dungeon)

   [ring of dexterity]

   Str:       It affects your strength (+3).
   Int:       It affects your intelligence (+2).
   Dex:       It affects your dexterity (+6).
 D - a +6 ring of evasion
 E - a +3 ring of slaying
 I - a ring of see invisible
 L - a +6 ring of intelligence
 M - a +6 ring of intelligence
 O - a ring of positive energy
 R - the ring "Obloh" {Will+ rCorr Str-3 Int+2 Dex+6}
   (You found it in the Dungeon)

   [ring of dexterity]

   Str:       It affects your strength (-3).
   Int:       It affects your intelligence (+2).
   Dex:       It affects your dexterity (+6).
   rCorr:     It protects you from acid and corrosion.
   Will:      It increases your willpower.
 S - the ring of the Insatiable Beggars (right hand) {rC- MP+9 Int+2 Dex+6 Slay+4}
   (You found it in the Dungeon)

   [ring of dexterity]

   Int:       It affects your intelligence (+2).
   Dex:       It affects your dexterity (+6).
   Slay:      It affects your accuracy & damage with ranged weapons and melee
   (+4).
   rC:        It makes you vulnerable to cold.
   MP:        It affects your magic capacity (+9).
 T - the amulet "Zeef" {Faith Will+ rCorr Int-5 Dex+4}
   (You found it in the Dungeon)

   [amulet of faith]

   It allows you to gain divine favour quickly.
   Int:       It affects your intelligence (-5).
   Dex:       It affects your dexterity (+4).
   rCorr:     It protects you from acid and corrosion.
   Will:      It increases your willpower.
 U - the amulet "Deceed" {rN+ Regen+ MP+9}
   (You found it in the Dungeon)

   [amulet of regeneration]

   rN:        It protects you from negative energy.
   MP:        It affects your magic capacity (+9).
   Regen:     It increases your rate of health regeneration.
 V - the amulet of Sisif (around neck) {Reflect rN+ Int+6 SH+5}
   (You found it in the Dungeon)

   [amulet of reflection]

   It reflects blocked missile attacks.
   Int:       It affects your intelligence (+6).
   rN:        It protects you from negative energy.
   SH:        It affects your SH (+5).
 W - a +5 ring of slaying (left hand)
Wands
 a - a wand of digging (7)
 P - a wand of light (5)
 Q - a wand of mindburst (10)
Scrolls
 j - a scroll of blinking
 t - 2 scrolls of identify
 F - 3 scrolls of fog
 G - 2 scrolls of fear
 H - a scroll of enchant weapon
Potions
 d - a potion of ambrosia {unknown}
 e - 8 potions of curing
 f - 10 potions of heal wounds
 g - 9 potions of haste
 h - 7 potions of magic
 i - 4 potions of berserk rage
 k - 2 potions of invisibility
 m - 7 potions of resistance
 o - a potion of flight
 J - 3 potions of brilliance
 K - 2 potions of might
Miscellaneous
 v - a phantom mirror
 y - a lightning rod (4/4)
 z - a phantom mirror


   Skills:
 O Level 27 Fighting
 - Level 20.4 Axes
 O Level 27 Staves
 O Level 27 Armour
 * Level 24.4 Dodging
 O Level 27 Shields
 O Level 27 Invocations
 + Level 21.0 Evocations


You had 18 spell levels left.
You didn't know any spells.
Your spell library contained the following spells:

 Spells                   Type           Power      Damage    Failure   Level
 Kiss of Death            Conj/Necr      0%         2d5       80%         1
 Necrotise                Necr           0%         1d4       80%         1
 Cigotuvi's Dreadful Rot  Necr/Pois/Air  0%         N/A       90%         2
 Ensorcelled Hibernation  Hex/Ice        0%         N/A       90%         2
 Poisonous Vapours        Pois/Air       0%         N/A       90%         2
 Sublimation of Blood     Necr           0%         N/A       90%         2
 Wereblood                Tmut           0%         N/A       90%         2
 Confusing Touch          Hex            0%         N/A       99%         3
 Ignite Poison            Fire/Tmut/Pois 0%         N/A       99%         3
 Kindle Blastsparks       Fire/Tloc/Air  0%         2d10      99%         3
 Mephitic Cloud           Conj/Pois/Air  0%         N/A       99%         3
 Vhi's Electric Charge    Tloc/Air       0%         N/A       99%         3
 Animate Dead             Necr           0%         N/A       100%        4
 Dispel Undead            Necr           0%         3d6       100%        4
 Sticky Flame             Conj/Fire      0%         2d3       100%        4
 Summon Ice Beast         Ice/Summ       0%         N/A       100%        4
 Arcjolt                  Conj/Air       0%         1d10      100%        5
 Summon Hydra             Summ           0%         N/A       100%        7
 Ignition                 Fire           0%         3d3       100%        8
 Maxwell's Capacitive Co  Air            0%         ∞         100%        8
 Necromutation            Tmut/Necr      0%         N/A       100%        8


Dungeon Overview and Level Annotations

Branches:
Dungeon (1/1)

Altars:
Ashenzari
Cheibriados
Dithmenos
Elyvilon
Fedhas
Gozag
Hepliaklqana
Kikubaaqudgha
Makhleb
Nemelex Xobeh
Okawaru
Qazlal
Ru
Sif Muna
Trog
Uskayaw
Vehumet
Wu Jian
Xom
Yredelemnul
Zin
The Shining One
Beogh
Jiyva
Lugonu

Annotations:
D Cerebov


Message History

Your air elemental fires a burst of electricity at Cerebov.
The stunning burst hits Cerebov!
The stunning burst hits the Brimstone Fiend but does no damage.
The Brimstone Fiend is paralysed.
Your air elemental hits Cerebov but does no damage.
Your air elemental fires a burst of electricity at Cerebov.
The stunning burst hits Cerebov!
Your air elemental fires a burst of electricity at Cerebov.
The stunning burst hits your air elemental.
Your air elemental completely resists.
The stunning burst hits your air elemental.
Your air elemental completely resists.
The stunning burst hits Cerebov!
Your air elemental hits Cerebov but does no damage.
Your air elemental hits Cerebov.
Your air elemental fires a burst of electricity at Cerebov.
The stunning burst hits your air elemental.
Your air elemental completely resists.
The stunning burst hits Cerebov!
Your air elemental hits Cerebov but does no damage.
Your air elemental fires a burst of electricity at Cerebov.
The stunning burst hits your air elemental.
Your air elemental completely resists.
The stunning burst hits Cerebov but does no damage.
Your air elemental hits Cerebov but does no damage. x2
Your air elemental fires a burst of electricity at Cerebov.
The stunning burst hits Cerebov.
The helpless Cerebov fails to defend themself.
You carve Cerebov like a ham!!!
Cerebov is heavily wounded.
The Brimstone Fiend is no longer paralysed.
Your air elemental disappears in a puff of smoke!
Cerebov is no longer paralysed.
Your air elemental hits Cerebov but does no damage. x2
Your air elemental barely misses Cerebov.
Your air elemental hits Cerebov but does no damage. x3
Cerebov hits you with the +6 sword of Cerebov {flame}!!!
* * * LOW HITPOINT WARNING * * *
Cerebov burns you!
You die...

≈≈.≈≈.≈..≈##...........##...#....
≈≈≈≈≈.≈≈≈##.......[.....##..#....
≈.)...≈≈.#...............#.......
≈≈≈≈[≈.≈≈#.......).......#..≈....
0≈≈≈.≈.≈.#...............#.≈.....
≈..≈..≈≈≈##.....)○○.....##≈.#..[.
≈≈....≈≈≈.##..§EEE.....##≈≈.#....
≈≈≈...#≈≈≈≈###EEEEE§.###≈.≈≈#....
.....###...).###@EE###..≈≈≈###...
....# ##...)..1&EE§≈.≈.≈.## ##..
.≈.# ##...[.○.E.≈≈....## ##. ###
################# ##
######################### #####
).).()[)#....#...#......# ###....
..#..#...........#......###....).
.................#......##.......
..#..#..#....#..)#......##.......


You could see Cerebov (ally target), a Brimstone Fiend (summoned) and 13
friendly air elementals.

Vanquished Creatures
  the Royal Jelly (D)
  the Serpent of Hell (D)
  Tiamat (D)
  2 ancient liches (D)
  Mennas (D)
  An orb of fire (D)
  2 royal mummies (D)
  Boris (D)
  Frederick (D)
  Margery (D)
  A Killer Klown (D)
  3 pandemonium lords (D)
  Xtahua (D)
  Nikola (D)
  Jory (D)
  A Brimstone Fiend (D)
  A Tzitzimitl (D)
  2 Hell Sentinels (D)
  4 Ice Fiends (D)
  4 liches (D)
  25 Orb Guardians (D)
  2 tentacled monstrosities (D)
  3 titans (D)
  2 deep elf blademasters (D)
  2 quicksilver dragons (D)
  8 acid blobs (D)
  2 deep elf master archers (D)
  Frances (D)
  An Executioner (D)
  A shadow dragon (D)
  A death cob (D)
  2 storm dragons (D)
  5 draconian knights (D)
  6 azure jellies (D)
  2 rockslimes (D)
  3 nagarajas (D)
  3 frost giants (D)
  3 daevas (D)
  2 deep elf sorcerers (D)
  A fire giant (D)
  Louise (D)
  A draconian shifter (D)
  An emperor scorpion (D)
  2 ghost moths (D)
  2 balrugs (D)
  2 angels (D)
  A spriggan defender (D)
  2 draconian stormcallers (D)
  16 orc warlords (D)
  A draconian annihilator (D)
  A reaper (D)
  2 war gargoyles (D)
  6 quicksilver oozes (D)
  A stone giant (D)
  3 deep elf demonologists (D)
  A vampire knight (D)
  A green draconian (D)
  3 lorocyprocas (D)
  2 black draconians (D)
  2 red draconians (D)
  4 yellow draconians (D)
  5 purple draconians (D)
  A white draconian (D)
  An eidolon (D)
  A merfolk javelineer (D)
  2 dire elephants (D)
  Snorg (D)
  3 mummy priests (D)
  2 deep elf death magi (D)
  2 green deaths (D)
  2 fire dragons (D)
  4 blizzard demons (D)
  4 yaktaur captains (D)
  2 deep elf high priests (D)
  3 vault guards (D)
  3 spriggan air magi (D)
  An ice dragon (D)
  A great orb of eyes (D)
  2 hell beasts (D)
  A catoblepas (D)
  A centaur warrior (D)
  An anaconda (D)
  An alligator snapping turtle (D)
  2 ogre magi (D)
  2 alligators (D)
  2 two-headed ogres (D)
  A naga warrior (D)
  A vampire mage (D)
  6 death yaks (D)
  4 orc high priests (D)
  11 hell knights (D)
  2 spriggan berserkers (D)
  A spriggan (D)
  2 soul eaters (D)
  3 deep elf knights (D)
  A fire crab (D)
  An iron troll (D)
  4 skeletal warriors (D)
  A cherub (D)
  4 swamp dragons (D)
  A sea snake (D)
  A spriggan druid (D)
  A wizard (D)
  8 harpies (D)
  21 orc knights (D)
  A wolf spider (D)
  4 necromancers (D)
  2 manticores (D)
  An ugly thing (D)
  7 orc sorcerers (D)
  5 elephants (D)
  A rust devil (D)
  2 guardian serpents (D)
  A naga mage (D)
  2 hellions (D)
  10 yaktaurs (D)
  A rime drake (D)
  Psyche (D)
  A troll (D)
  A kobold demonologist (D)
  A hornet (D)
  A hellwing (D)
  4 merfolk (D)
  A wind drake (D)
  2 tarantellas (D)
  5 slime creatures (D)
  A snapping turtle (D)
  A wraith (D)
  A shadow (D)
  A chaos spawn (D)
  3 redbacks (D)
  6 yaks (D)
  A steam dragon (D)
  Menkaure (D)
  2 wargs (D)
  An acid dragon (D)
  A hell hound (D)
  A water moccasin (D)
  2 floating eyes (D)
  23 orc warriors (D)
  A centaur (D)
  3 ogres (D)
  A wolf (D)
  A bullfrog (D)
  A gnoll bouda (D)
  An orc priest (D)
  An iguana (D)
  An orc wizard (D)
  A hell rat (D)
  3 gnolls (D)
  2 river rats (D)
  An ufetubus (D)
  An adder zombie (D)
  4 orcs (D)
  A ball python (D)
  2 giant cockroaches (D)
  3 goblins (D)
  4 jackals (D)
  A kobold (D)
  A ball python skeleton (D)
  A giant cockroach zombie (D)
  A quokka simulacrum (D)
  A rat (D)
421 creatures vanquished.

Vanquished Creatures (collateral kills)
  An Orb Guardian (D)
  A shadow dragon (D)
  A yellow draconian (D)
3 creatures vanquished.

Grand Total: 424 creatures vanquished

Notes
Turn   | Place    | Note
-------+----------+-------------------------------------------
     0 | D        | BigDaddyOpFi the Hill Orc Fighter began the quest for the
                  | Orb.
     0 | D        | Reached XP level 1. HP: 19/19 MP: 1/1
    25 | D        | Found a bloodstained altar of Trog.
    25 | D        | Found a shimmering blue altar of Sif Muna.
    25 | D        | Found a viscous altar of Jiyva.
    25 | D        | Found a hazy altar of Hepliaklqana.
    25 | D        | Found an opulent altar of Gozag.
    26 | D        | Found a glowing golden altar of the Shining One.
    26 | D        | Found a glowing silver altar of Zin.
    26 | D        | Found a basalt altar of Yredelemnul.
    26 | D        | Found a shimmering altar of Xom.
    26 | D        | Found an ornate altar of the Wu Jian Council.
    26 | D        | Found a sacrificial altar of Ru.
    26 | D        | Found a stormy altar of Qazlal.
    26 | D        | Found an iron altar of Okawaru.
    26 | D        | Found a sparkling altar of Nemelex Xobeh.
    26 | D        | Found a burning altar of Makhleb.
    26 | D        | Found a blossoming altar of Fedhas.
    26 | D        | Found a white marble altar of Elyvilon.
    26 | D        | Found a shadowy altar of Dithmenos.
    26 | D        | Found a snail-covered altar of Cheibriados.
    27 | D        | Found a radiant altar of Vehumet.
    27 | D        | Found a corrupted altar of Lugonu.
    27 | D        | Found a roughly hewn altar of Beogh.
    28 | D        | Found a hide-covered altar of Uskayaw.
    28 | D        | Found an ancient bone altar of Kikubaaqudgha.
    28 | D        | Found a broken altar of Ashenzari.
    32 | D        | Became a worshipper of Qazlal Stormbringer
    70 | D        | Reached XP level 2. HP: 24/27 MP: 2/2
    74 | D        | Reached * piety under Qazlal
   200 | D        | Reached ** piety under Qazlal
   201 | D        | Noticed a bullfrog
   206 | D        | Reached skill level 5 in Fighting
   206 | D        | Reached skill level 1 in Invocations
   206 | D        | Reached XP level 3. HP: 22/36 MP: 2/4
   212 | D        | Killed a bullfrog
   213 | D        | Reached skill level 5 in Axes
   213 | D        | Reached skill level 5 in Armour
   213 | D        | Reached skill level 5 in Shields
   213 | D        | Reached skill level 5 in Invocations
   213 | D        | Reached XP level 4. HP: 20/44 MP: 2/7
   559 | D        | Noticed a centaur
   559 | D        | Noticed Menkaure
   563 | D        | Reached *** piety under Qazlal
   584 | D        | Reached XP level 5. HP: 25/50 MP: 7/9
   586 | D        | Killed a centaur
   588 | D        | Killed Menkaure
   588 | D        | Reached **** piety under Qazlal
   589 | D        | Reached XP level 6. HP: 60/60 MP: 7/12
   957 | D        | Noticed an acid dragon
   963 | D        | Killed an acid dragon
   964 | D        | Reached skill level 10 in Invocations
   964 | D        | Reached XP level 7. HP: 53/68 MP: 12/14
  1128 | D        | Reached ***** piety under Qazlal
  1248 | D        | Noticed a yak
  1248 | D        | Noticed a yak
  1248 | D        | Noticed a yak
  1248 | D        | Noticed a yak
  1248 | D        | Noticed a yak
  1248 | D        | Noticed a steam dragon
  1248 | D        | Noticed a yak
  1249 | D        | Killed a yak
  1249 | D        | Killed a steam dragon
  1249 | D        | Killed a yak
  1249 | D        | Killed a yak
  1249 | D        | Killed a yak
  1249 | D        | Killed a yak
  1249 | D        | Killed a yak
  1250 | D        | Reached skill level 10 in Fighting
  1250 | D        | Reached XP level 8. HP: 79/79 MP: 6/18
  1544 | D        | Noticed a troll
  1551 | D        | Killed a troll
  1552 | D        | Reached XP level 9. HP: 69/86 MP: 19/19
  1606 | D        | Noticed an orc sorcerer
  1609 | D        | Paralysed by an orc sorcerer for 4 turns
  1616 | D        | Killed an orc sorcerer
  1617 | D        | Reached skill level 10 in Armour
  1617 | D        | Reached skill level 10 in Shields
  1617 | D        | Reached skill level 15 in Invocations
  1921 | D        | Noticed Psyche
  1921 | D        | Noticed a centaur warrior
  1924 | D        | Killed a centaur warrior
  1924 | D        | Killed Psyche
  2033 | D        | Noticed Frances
  2035 | D        | Noticed a kobold demonologist
  2036 | D        | Killed a kobold demonologist
  2037 | D        | Reached XP level 10. HP: 97/97 MP: 13/22
  2041 | D        | Killed Frances
  2120 | D        | Noticed an elephant
  2125 | D        | Killed an elephant
  2346 | D        | Noticed a blizzard demon
  2346 | D        | Noticed a yellow draconian
  2346 | D        | Noticed an ancient lich
  2346 | D        | Noticed a swamp dragon
  2346 | D        | Noticed an alligator snapping turtle
  2347 | D        | Killed a blizzard demon
  2348 | D        | Killed an alligator snapping turtle
  2348 | D        | Killed a swamp dragon
  2348 | D        | Killed an ancient lich
  2349 | D        | Reached skill level 15 in Axes
  2349 | D        | Reached XP level 11. HP: 92/111 MP: 6/25
  2352 | D        | Killed a yellow draconian
  2498 | D        | Got the Teachings on Numb Evil Rites
  2541 | D        | Noticed an alligator
  2541 | D        | Noticed an orc knight
  2541 | D        | Noticed an orc knight
  2541 | D        | Noticed an orc knight
  2541 | D        | Noticed an orc knight
  2541 | D        | Noticed an orc knight
  2541 | D        | Noticed an orc knight
  2541 | D        | Noticed an orc warlord
  2542 | D        | Noticed a swamp dragon
  2542 | D        | Noticed an orc knight
  2542 | D        | Noticed an orc warlord
  2543 | D        | Killed an orc knight
  2543 | D        | Killed an orc knight
  2543 | D        | Killed an orc knight
  2543 | D        | Killed an orc knight
  2543 | D        | Reached ****** piety under Qazlal
  2543 | D        | Killed an orc knight
  2543 | D        | Killed an orc warlord
  2543 | D        | Killed an orc knight
  2543 | D        | Killed an orc knight
  2544 | D        | Reached skill level 15 in Fighting
  2544 | D        | Reached XP level 12. HP: 122/122 MP: 17/27
  2544 | D        | Killed an orc warlord
  2549 | D        | Killed an alligator
  2809 | D        | Noticed a yaktaur captain
  2811 | D        | Noticed a vault guard
  2813 | D        | Noticed a yaktaur captain
  2814 | D        | Killed a yaktaur captain
  2814 | D        | Killed a yaktaur captain
  2814 | D        | Killed a deep elf knight
  2814 | D        | Killed a mummy priest
  2815 | D        | Reached skill level 15 in Armour
  2815 | D        | Reached skill level 15 in Shields
  2815 | D        | Noticed a deep elf knight
  2816 | D        | Killed a vault guard
  2818 | D        | Killed a deep elf knight
  2819 | D        | Reached XP level 13. HP: 83/130 MP: 12/29
  2838 | D        | Noticed a yaktaur captain
  2848 | D        | Killed a yaktaur captain
  2850 | D        | Noticed a vault guard
  2853 | D        | Killed a vault guard
  3309 | D        | Noticed an emperor scorpion
  3310 | D        | Noticed a dire elephant
  3310 | D        | Killed a dire elephant
  3310 | D        | Noticed a death cob
  3312 | D        | Killed a death cob
  3312 | D        | Noticed an ice dragon
  3326 | D        | Killed an emperor scorpion
  3336 | D        | Killed an ice dragon
  3338 | D        | Noticed Snorg
  3344 | D        | Killed Snorg
  3351 | D        | Reached XP level 14. HP: 84/144 MP: 3/31
  3364 | D        | Reached skill level 27 in Invocations
  3658 | D        | Got the +11 lajatang "Efoaxzasol" {heavy, rPois Int+2 Dex-2
                  | Stlth+}
  3685 | D        | Got the staff of death "Taczoch" {rN+ Str+4}
  3743 | D        | Noticed a nagaraja
  3746 | D        | Reached skill level 1 in Staves
  3749 | D        | Paralysed by a floating eye for 2 turns
  3753 | D        | Paralysed by a floating eye for 3 turns
  3756 | D        | Noticed a frost giant
  3757 | D        | Reached skill level 5 in Staves
  3757 | D        | Noticed Jory
  3759 | D        | Killed a frost giant
  3759 | D        | Killed Jory
  3759 | D        | Killed a nagaraja
  3773 | D        | Noticed a deep elf blademaster
  3776 | D        | Killed a deep elf blademaster
  3915 | D        | Identified the +3 robe of Elitism {rC+ Str+4}
  3915 | D        | Identified the ring "Inwih" {Str+3 Int+2 Dex+6}
  3983 | D        | Noticed a fire giant
  3992 | D        | Killed a fire giant
  3993 | D        | Reached skill level 10 in Staves
  3999 | D        | Noticed a yellow draconian annihilator
  3999 | D        | Noticed a black draconian
  3999 | D        | Noticed a black draconian knight
  4002 | D        | Killed a black draconian
  4002 | D        | Killed a yellow draconian annihilator
  4004 | D        | Noticed a black draconian knight
  4006 | D        | Killed a black draconian knight
  4007 | D        | Reached XP level 15. HP: 84/158 MP: 12/32
  4009 | D        | Killed a black draconian knight
  4309 | D        | Noticed an angel
  4310 | D        | Killed an angel
  4312 | D        | Noticed a balrug
  4315 | D        | Killed a balrug
  4537 | D        | Noticed an orc warlord
  4537 | D        | Noticed an orc warlord
  4537 | D        | Noticed an orc warlord
  4537 | D        | Noticed an orc warlord
  4537 | D        | Noticed an orc warlord
  4537 | D        | Noticed an orc warlord
  4537 | D        | Noticed an orc warlord
  4537 | D        | Noticed an orc warlord
  4537 | D        | Noticed an orc warlord
  4537 | D        | Noticed an orc warlord
  4538 | D        | Noticed an orc warlord
  4538 | D        | Noticed an orc warlord
  4538 | D        | Noticed an orc warlord
  4538 | D        | Killed an orc warlord
  4538 | D        | Killed an orc warlord
  4538 | D        | Killed an orc warlord
  4538 | D        | Killed an orc warlord
  4538 | D        | Killed an orc warlord
  4538 | D        | Killed an orc warlord
  4538 | D        | Killed an orc warlord
  4538 | D        | Killed an orc warlord
  4538 | D        | Killed an orc warlord
  4538 | D        | Killed an orc warlord
  4538 | D        | Killed an orc warlord
  4538 | D        | Killed an orc warlord
  4539 | D        | Reached XP level 16. HP: 159/174 MP: 24/33
  4543 | D        | Found the +7 mace of Variability {chaos, chain chaos}
  4728 | D        | Got a silver rune of Zot
  4857 | D        | Noticed a nagaraja
  4859 | D        | Killed a nagaraja
  4860 | D        | Noticed an ancient lich
  4863 | D        | Noticed a nagaraja
  4865 | D        | Killed a nagaraja
  4869 | D        | Noticed a lich
  4876 | D        | Killed a lich
  4881 | D        | Killed an ancient lich
  4888 | D        | Noticed a lich
  4890 | D        | Killed a lich
  4891 | D        | Noticed a daeva
  4896 | D        | Killed a daeva
  5051 | D        | Got Sif Muna's Monograph on Refrigeration and Nephomancy
  5073 | D        | Got the ring "Obloh" {Will+ rCorr Str-3 Int+2 Dex+6}
  5075 | D        | Got the ring of the Insatiable Beggars {rC- MP+9 Int+2
                  | Dex+6 Slay+4}
  5087 | D        | Got the amulet "Zeef" {Faith Will+ rCorr Int-5 Dex+4}
  5089 | D        | Got the amulet "Deceed" {rN+ Regen+ MP+9}
  5091 | D        | Got the amulet of Sisif {Reflect rN+ Int+6 SH+5}
  5601 | D        | Noticed a Brimstone Fiend
  5601 | D        | Noticed a daeva
  5602 | D        | Killed a Brimstone Fiend
  5605 | D        | Killed a daeva
  5966 | D        | Noticed Margery
  5968 | D        | Noticed a quicksilver dragon
  5968 | D        | Noticed a shadow dragon
  5968 | D        | Noticed a deep elf master archer
  5968 | D        | Killed a deep elf master archer
  5968 | D        | Killed a quicksilver dragon
  5971 | D        | Killed a shadow dragon
  5972 | D        | Reached XP level 17. HP: 174/190 MP: 27/34
  5973 | D        | Killed Margery
  6154 | D        | Noticed a royal mummy
  6159 | D        | Killed a royal mummy
  6170 | D        | Reached skill level 27 in Fighting
  6522 | D        | Noticed a tentacled monstrosity
  6524 | D        | Killed a tentacled monstrosity
  6594 | D        | Noticed a tentacled monstrosity
  6594 | D        | Noticed a lich
  6598 | D        | Killed a lich
  6607 | D        | Killed a tentacled monstrosity
  7047 | D        | Noticed a deep elf blademaster
  7055 | D        | Killed a deep elf blademaster
  7150 | D        | Noticed an Orb Guardian
  7150 | D        | Noticed an Orb Guardian
  7150 | D        | Noticed an Orb Guardian
  7150 | D        | Noticed an Orb Guardian
  7151 | D        | Killed an Orb Guardian
  7151 | D        | Killed an Orb Guardian
  7151 | D        | Killed an Orb Guardian
  7151 | D        | Killed an Orb Guardian
  7152 | D        | Noticed an Orb Guardian
  7153 | D        | Noticed an Executioner
  7153 | D        | Found the +4 dragonskin cloak
  7153 | D        | Noticed Tiamat
  7153 | D        | Noticed Xtahua
  7153 | D        | Noticed Boris
  7154 | D        | Noticed an orb of fire
  7154 | D        | Noticed Nikola
  7155 | D        | Killed Xtahua
  7155 | D        | Killed an Executioner
  7155 | D        | Killed a titan
  7156 | D        | Reached skill level 27 in Staves
  7156 | D        | Reached skill level 27 in Armour
  7156 | D        | Reached skill level 27 in Shields
  7156 | D        | Reached skill level 1 in Dodging
  7156 | D        | Reached skill level 1 in Evocations
  7156 | D        | Killed Nikola
  7156 | D        | Killed an orb of fire
  7156 | D        | Killed an Orb Guardian
  7156 | D        | Killed Boris
  7156 | D        | Noticed an Orb Guardian
  7157 | D        | Reached XP level 18. HP: 170/200 MP: 20/35
  7158 | D        | Noticed Mennas
  7160 | D        | Noticed an Orb Guardian
  7163 | D        | Killed Tiamat
  7163 | D        | Killed an Orb Guardian
  7172 | D        | Killed an Orb Guardian
  7173 | D        | Reached skill level 10 in Evocations
  7176 | D        | Killed Mennas
  7382 | D        | Noticed a titan
  7383 | D        | Noticed a Hell Sentinel
  7383 | D        | Noticed a Killer Klown
  7385 | D        | Noticed an Orb Guardian
  7386 | D        | Killed a titan
  7387 | D        | Noticed a lich
  7387 | D        | Killed an Orb Guardian
  7387 | D        | Killed an Orb Guardian
  7387 | D        | Killed a lich
  7389 | D        | Killed a Hell Sentinel
  7390 | D        | Noticed an Ice Fiend
  7390 | D        | Noticed an Orb Guardian
  7390 | D        | Noticed the Serpent of Hell
  7397 | D        | Noticed the Royal Jelly
  7398 | D        | Killed an Ice Fiend
  7399 | D        | Killed an Orb Guardian
  7399 | D        | Killed the Royal Jelly
  7400 | D        | Reached skill level 15 in Dodging
  7407 | D        | Noticed an Orb Guardian
  7408 | D        | Noticed an Orb Guardian
  7409 | D        | Killed an Orb Guardian
  7409 | D        | Killed an Orb Guardian
  7421 | D        | Killed the Serpent of Hell
  7431 | D        | Noticed Frederick
  7443 | D        | Killed Frederick
  7667 | D        | Noticed a royal mummy
  7677 | D        | Killed a royal mummy
  7678 | D        | Reached skill level 15 in Evocations
  8050 | D        | Noticed an Orb Guardian
  8051 | D        | Killed an Orb Guardian
  8148 | D        | Killed a Killer Klown
  8489 | D        | Noticed an Ice Fiend
  8492 | D        | Killed an Ice Fiend
  8495 | D        | Noticed Athos the pandemonium lord
  8497 | D        | Noticed Sobomure the pandemonium lord
  8498 | D        | Noticed an Orb Guardian
  8499 | D        | Killed an Orb Guardian
  8499 | D        | Killed an Orb Guardian
  8500 | D        | Reached XP level 19. HP: 207/207 MP: 30/36
  8500 | D        | Killed a Tzitzimitl
  8500 | D        | Killed Louise
  8500 | D        | Killed Sobomure the pandemonium lord
  8500 | D        | Killed Athos the pandemonium lord
  8528 | D        | Noticed an Ice Fiend
  8531 | D        | Noticed a Hell Sentinel
  8533 | D        | Killed an Ice Fiend
  8541 | D        | Noticed an Ice Fiend
  8542 | D        | Killed a Hell Sentinel
  8544 | D        | Killed an Ice Fiend
  9021 | D        | Noticed Uhimnual the pandemonium lord
  9036 | D        | Killed Uhimnual the pandemonium lord
  9183 | D        | Found the +6 sword of Cerebov {flame}
  9183 | D        | Noticed Cerebov
  9185 | D        | Noticed a Brimstone Fiend
  9193 | D        | HP: 4/207 [Cerebov/the +6 sword of Cerebov {flame} (53)]
  9193 | D        | Slain by Cerebov

Illustrated notes

Levels and vault maps discovered:
D:        pitsprint [storerooms_1, entrance_room_1, metal_vault_6, armoury_2,
          mini_pit_1, grid_room_1, main_hall_1, silver_pit, the_coven_3,
          the_vestibule_1, steel_vault_4, golden_pit, hallway_of_sentries,
          crystal_vault_6, iron_vault_2, final_vault]

Skill      XL: |  1  2  3  4  5  6  7  8  9 10 11 12 13 14 15 16 17 18 19 |
---------------+----------------------------------------------------------+-----
Axes           | 3 4 5 6 7 8 11 12 15 16 18 20 | 20.4
Fighting       | 4 5 6 7 8 10 11 14 15 16 18 21 23 26 27 | 27.0
Shields        | 4 5 6 7 9 10 13 14 15 17 19 22 24 27 | 27.0
Armour         | 4 5 6 7 9 10 13 14 15 17 19 22 24 27 | 27.0
Invocations    | 1 5 8 10 13 14 16 20 22 24 26 27 | 27.0
Staves         | 12 17 21 27 | 27.0
Dodging        | 9 19 24 | 24.4
Evocations     | 7 16 21 | 21.0

Action                     |  1- 3 |  4- 6 |  7- 9 | 10-12 | 13-15 | 16-18 | 19-21 || total
---------------------------+-------+-------+-------+-------+-------+-------+-------++-------
  Melee: War axe           |    41 |    39 |    19 |       |       |       |       ||    99
         Broad axe         |       |       |     6 |    20 |    55 |       |       ||    81
         Lajatang          |       |       |       |       |    27 |   136 |    28 ||   191
 Invoke: Disaster Area     |       |       |     4 |     7 |    17 |    24 |     8 ||    60
         Upheaval          |       |       |     1 |       |       |     9 |     3 ||    13
         Elemental Force   |       |       |       |       |       |     1 |     1 ||     2
    Use: Potion            |     2 |     3 |     2 |       |     2 |     8 |     3 ||    20
         Scroll            |       |       |       |       |     6 |     3 |     1 ||    10
   Stab: Distracted        |       |       |       |       |       |     3 |       ||     3
         Paralysed         |       |       |       |       |       |     2 |     1 ||     3
 Armour: Scale mail        |    28 |       |       |       |       |       |       ||    28
         Chain mail        |       |    16 |     5 |       |       |       |       ||    21
         Plate armour      |       |       |    11 |    30 |     1 |       |       ||    42
         Gold dragon scale |       |       |       |       |    91 |   170 |    30 ||   291
  Dodge: Dodged            |    27 |    11 |     8 |     5 |    27 |    67 |    18 ||   163
         Repelled          |       |       |       |       |     4 |     3 |       ||     7
  Block: Buckler           |    25 |    18 |    21 |    40 |    40 |       |       ||   144
         Other             |       |       |       |       |    21 |   100 |    22 ||   143
         Reflection        |       |       |       |       |       |     4 |       ||     4

Table legend: (Time is in decaauts)
 A = Elapsed time spent in this place.
 B = Non-inter-level travel time spent in this place.
 C = Inter-level travel time spent in this place.
 D = Time resting spent in this place.
 E = Time spent auto-exploring this place.
 F = Levels seen in this place.
 G = Mean time per level.
                   A        B        C        D        E       F      G
               +--------+--------+--------+--------+--------+-----+--------+
         Total |   9240 |   9033 |    207 |   6857 |      0 |   1 | 9240.0 |
       Dungeon |   9240 |   9033 |    207 |   6857 |      0 |   1 | 9240.0 |
               +--------+--------+--------+--------+--------+-----+--------+

Top non-repeatable levels by time:
       D: 9240 daAuts
